[Event "Team 45 45 League T86"]
[Site "Internet Chess Club"]
[Date "2020.10.06"]
[Round "1"]
[White "Egmont"]
[Black "kidcobra"]
[Result "0-1"]
[WhiteElo "1738"]
[BlackElo "1840"]
[Opening "Budapest: Adler variation"]
[ECO "A52"]
[Time "08:02:24"]
[TimeControl "2700+45"]

1. d4 Nf6 2. c4 e5 3. dxe5 Ng4 4. Nf3 Bc5 5. e3 Nc6 6. h3 Ngxe5 7. Nbd2 Nxf3+ 8.
Nxf3 O-O 9. a3 a5 10. Bd3 d6 11. Bd2 Ne5 12. Nxe5 dxe5 13. Qc2 f5 14. O-O e4 15.
Be2 Be6 16. b4 axb4 17. axb4 Rxa1 18. Rxa1 Bd6 19. c5 Be5 20. Bc3 Bxc3 21. Qxc3
Qg5 22. Bc4 Bxc4 23. Qxc4+ Kh8 24. Qf7 Qd8 25. Qc4 Qg5 26. Qf7 Qd8 27. Qc4 h6
28. c6 Qf6 29. Rc1 b6 30. Qa6 f4 31. Qa1 Qg5 32. Qd4 f3 33. g3 Qf5 34. Qd7 Qe5
35. Rd1 Rf6 36. b5 Rg6 37. Kh2 Kh7 38. Qd5 Qb2 39. Rd2 Qb1 40. Rd1 Qb4 41. Kg1
Rg5 42. Qd7 Qxb5 43. Qxc7 Qe2 44. Rf1 Rb5 45. Qd6 Qxf1+ {White resigns} 0-1

[Event "Team 45 45 League T86"]
[Site "Internet Chess Club"]
[Date "2020.10.04"]
[Round "1"]
[White "Manas"]
[Black "Goli"]
[Result "1-0"]
[WhiteElo "1663"]
[BlackElo "1742"]
[Opening "Robatsch (modern) defense"]
[ECO "B06"]
[Time "06:42:37"]
[TimeControl "2700+45"]

1. e4 g6 2. Nc3 Bg7 3. f4 d6 4. Nf3 Nf6 5. Bc4 O-O 6. Bb3 Bg4 7. O-O Nc6 8. Qe1
Bxf3 9. Rxf3 Nd4 10. Rh3 Nxb3 11. axb3 c6 12. Kh1 e5 13. d3 Qe7 14. f5 Nh5 15.
Qf2 b5 16. Ne2 Qd7 17. g4 Nf6 18. Qh4 h5 19. gxh5 Nxh5 20. Be3 Bf6 21. Bg5 Qe7
22. Rg1 Kg7 23. Bxf6+ Qxf6 24. Qxh5 Rh8 25. Qg4 Rxh3 26. Qxh3 Rh8 27. Qg2 Rh6
28. Ra1 Qh4 29. Ng3 Qf4 30. Rxa7 Qc1+ 31. Nf1 Qxb2 32. Rd7 Qd4 33. Ng3 Kf6 34.
fxg6 Ke6 35. Rxf7 Qe3 36. Qf1 Qg5 37. Qf5+ Qxf5 38. exf5+ Kd5 39. g7 {Black
resigns} 1-0

[Event "Team 45 45 League T86"]
[Site "Internet Chess Club"]
[Date "2020.10.03"]
[Round "1"]
[White "cityprosecutor"]
[Black "KidRattler"]
[Result "1/2-1/2"]
[WhiteElo "1658"]
[BlackElo "1775"]
[Opening "Scandinavian (center counter) defense"]
[ECO "B01"]
[Time "19:32:54"]
[TimeControl "2700+45"]

1. e4 d5 2. exd5 Qxd5 3. Nc3 Qd8 4. d4 Nf6 5. Nf3 a6 6. g3 Bg4 7. Bg2 Bxf3 8.
Qxf3 c6 9. Be3 e6 10. O-O Be7 11. Rad1 Nbd7 12. Rfe1 Nb6 13. Qe2 O-O 14. a3 Nbd5
15. Nxd5 exd5 16. Bg5 Re8 17. Bxf6 Bxf6 18. Qd2 Qc7 19. c3 Re7 20. Rxe7 Qxe7 21.
Re1 Qd7 22. Qe2 g6 23. h4 h5 24. Kh2 Kf8 25. Bh3 Qe7 26. Qd2 Qd6 27. Kg2 Kg7 28.
Qd3 Qf8 29. Qe2 b6 30. Qd3 b5 31. Re3 Ra7 32. Qe2 Qd6 33. Qe1 a5 34. b4 axb4 35.
axb4 Re7 36. Rxe7 Bxe7 37. Qe5+ Qxe5 38. dxe5 c5 39. bxc5 Bxc5 40. Bd7 b4 41.
cxb4 Bxb4 42. f4 d4 43. Bb5 Kf8 44. Bc4 Ke7 45. Kf3 Ba5 46. Ke2 Bb4 47. Kf3
{Game drawn by mutual agreement} 1/2-1/2

[Event "Team 45 45 League T86"]
[Site "Internet Chess Club"]
[Date "2020.10.04"]
[Round "1"]
[White "ascoli"]
[Black "scostanzo212"]
[Result "0-1"]
[WhiteElo "1598"]
[BlackElo "1632"]
[Opening "Réti: King's Indian attack (Barcza system)"]
[ECO "A07"]
[Time "09:02:13"]
[TimeControl "2700+45"]

1. Nf3 d5 2. g3 Nf6 3. Bg2 Bf5 4. O-O e6 5. d3 c6 6. Nbd2 Nbd7 7. Re1 h6 8. e4
dxe4 9. dxe4 Bh7 10. e5 Nd5 11. c4 Nb4 12. Ne4 Nc5 13. Qxd8+ Rxd8 14. Nfd2 Nc2
{White resigns} 0-1